 Dungeon Crawl Stone Soup version 0.27-a0-1119-gbf574a6a6b (webtiles) character file.

Game seed: 10318289274124002753

55 Zeld the Skirmisher (level 3, -9/27 HPs)
             Began as an Octopode Fighter on May 2, 2021.
             Killed by divine providence
             ... invoked by an orc priest
              (13 damage)
             ... while paralysed by Grinder
             ... on level 3 of the Dungeon.
             The game lasted 00:02:50 (2485 turns).

Zeld the Skirmisher (Octopode Fighter)              Turns: 2485, Time: 00:02:51

Health: -9/27      AC:  1    Str: 16    XL:     3   Next: 93%
Magic:  3/3        EV:  2    Int: 10    God:
Gold:   65         SH:  0    Dex: 11    Spells: 2/2 levels left

rFire    . . .     SeeInvis .   a - +0 war axe
rCold    . . .     Faith    .   b - +0 kite shield
rNeg     . . .     Spirit   .   (helmet restricted)
rPois    .         Reflect  .   (no amulet)
rElec    .         Harm     .   d - ring of wizardry
rCorr    .         Rampage  .   (no ring)
Will     .....                  (no ring)
Stlth    ++........             (no ring)
HPRegen  0.09/turn              (no ring)
MPRegen  0.08/turn              (no ring)
                                (no ring)
                                (no ring)

@: confused, paralysed
A: almost no armour, amphibious, 8 rings, camouflage 1, gelatinous body 1,
(nimble swimmer 1), tentacles
a: no special abilities


You were on level 3 of the Dungeon.
You visited 1 branch of the dungeon, and saw 3 of its levels.

You collected 65 gold pieces.

Inventory:

Hand Weapons
 a - a +0 war axe (weapon)
Armour
 b - a +0 kite shield (worn)
Jewellery
 d - a ring of wizardry (left tentacle)
Scrolls
 f - 2 scrolls of immolation {unknown}
 g - a scroll of fear {unknown}
 i - a scroll of magic mapping {unknown}
 j - a scroll of noise {unknown}
Potions
 c - a potion of might
 e - a potion of brilliance {unknown}
 h - a potion of invisibility {unknown}


   Skills:
 * Level 3.6 Fighting
 * Level 2.8 Axes
 - Level 3.0 Dodging
 * Level 3.6 Shields


You had 2 spell levels left.
You didn't know any spells.
Your spell library was empty.

Dungeon Overview and Level Annotations

Branches:
Dungeon (3/15)

Altars:

Shops:
D:1 (

Annotations:
D:3 Grinder


Innate Abilities, Weirdness & Mutations

You cannot wear most types of armour.
You are amphibious.
You can wear up to eight rings at the same time.
Your skin changes colour to match your surroundings (Stealth+).
Your rubbery body absorbs attacks. (AC +1, EV +1)
((You are camouflaged near water. (Stealth+)))
You have tentacles for arms and can constrict up to eight enemies at once.


Message History

There is a stone staircase leading down here.
You climb downwards.
A bat, 4 orcs and Grinder come into view.
Found 23 sling bullets.
There is a stone staircase leading up here.
Your library has no spells.
Unknown command.
Grinder shouts!
You hear a shout!
The orc priest shouts!
The orc wizard shouts!
You hear a shout! x2; The orc shouts!
You hear a shout!
You climb upwards.
There is a stone staircase leading down here.
You climb downwards.
Level annotation: Grinder An orc comes into view.
It is wielding a +0 mace.
The orc shouts!
The bat hits you but does no damage. You block the bat's attack.
The orc wizard gestures at you while chanting.
You are confused.
The orc misses you.
There is a stone staircase leading up here.
The bat misses you.
The orc wizard hits you with a +0 dagger.
Grinder blinks!
In your confused state, you trip and fall back down the stairs.
The bat hits you.
The orc wizard hits you but does no damage.
Grinder gestures at you.
You suddenly lose the ability to move!
An orc comes into view. It is wielding a +0 short sword.
The bat hits you but does no damage.
The orc wizard points at you and mumbles some strange words.
The magic dart hits you. The bat hits you. The orc hits you with a +0 hand axe.
The orc wizard hits you with a +0 dagger.
An orc comes into view. It is wielding a +0 war axe.
The orc hits you with a +0 flail!
* * * LOW HITPOINT WARNING * * *
The orc priest mumbles some strange prayers to Beogh against you.
Beogh smites you!
You die...

### ..#
###.#
....
#####.o#
#....oo#
#o@#
#ob#
#5o#
o...
.#..#
o....#
.. ...#
.#.###.#


You could see Grinder, an orc priest, an orc wizard, 6 orcs and a bat.

Vanquished Creatures
  A worm (D:2)
  A dart slug (D:2)
  6 bats
  5 endoplasms
  A giant cockroach (D:2)
  6 goblins
  4 hobgoblins
  4 jackals (D:2)
  2 quokkas (D:2)
  4 ball pythons
  2 frilled lizards
  A kobold (D:2)
  7 rats
44 creatures vanquished.

Notes
Turn   | Place    | Note
-------+----------+-------------------------------------------
     0 | D:1      | Zeld the Octopode Fighter began the quest for the Orb.
     0 | D:1      | Reached XP level 1. HP: 16/16 MP: 1/1
   376 | D:1      | Reached XP level 2. HP: 19/21 MP: 2/2
   846 | D:1      | Found Diophuem's Antique Weapon Emporium.
  1223 | D:2      | Reached XP level 3. HP: 16/26 MP: 3/3
  1497 | D:2      | Found a faded altar of an unknown god.
  2476 | D:3      | Noticed Grinder
  2483 | D:3      | Paralysed by Grinder for 3 turns
  2485 | D:3      | Killed from afar by an orc priest

Illustrated notes

Levels and vault maps discovered:
D:1:      wander_arrival_estate, layout_basic, serial_shops, shop
D:2:      wad_pebble_path, layout_basic, shapermc_ecumenical_altar_totnotflames
D:3:      layout_loops_ring, serial_shops, nicolae_shop_statue_plus,
          minmay_goblin_kobold_house, uniq_natasha, uniq_robin, uniq_grinder,
          uniq_terence

Action                   || total
-------------------------++-------
Melee: War axe           ||    73
       Tentacles         ||    10
       Constrict         ||    13
 Stab: Sleeping          ||     6
Armor: Skin              ||     9
Dodge: Dodged            ||    34
Block: Kite shield       ||    32

Table legend: (Time is in decaauts)
 A = Elapsed time spent in this place.
 B = Non-inter-level travel time spent in this place.
 C = Inter-level travel time spent in this place.
 D = Time resting spent in this place.
 E = Time spent auto-exploring this place.
 F = Levels seen in this place.
 G = Mean time per level.
                   A        B        C        D        E       F      G
               +--------+--------+--------+--------+--------+-----+--------+
         Total |   2530 |   2474 |     56 |      0 |   2117 |   3 |  843.3 |
       Dungeon |   2530 |   2474 |     56 |      0 |   2117 |   3 |  843.3 |
               +--------+--------+--------+--------+--------+-----+--------+

Top non-repeatable levels by time:
     D:2: 1287 daAuts
     D:1: 1235 daAuts
     D:3: 7 daAuts
